 Dungeon Crawl Stone Soup version 0.28.0-45-g0d030f2227 (webtiles) character file.

Game seed: 16846509977158745694

4 101zpm the Magician (level 1, -3/15 HPs)
             Began as a Djinni Ice Elementalist on Apr 15, 2022.
             Slain by a worm (8 damage)
             ... on level 2 of the Dungeon.
             The game lasted 00:01:00 (295 turns).

101zpm the Magician (Djinni Ice Elementalist)        Turns: 295, Time: 00:01:00

Health: -3/15      AC:  2    Str:  7    XL:     1   Next: 77%
Gold:   0          EV: 12    Int: 16    God:
                   SH:  0    Dex: 13

rFire   + + .      SeeInvis .   (no weapon)
rCold   x . .      Faith    .   (no shield)
rNeg    . . .      Spirit   .   a - +0 robe
rPois   ∞          Reflect  .   (no helmet)
rElec   .          Harm     .   (no cloak)
rCorr   .          Rampage  .   (no gloves)
Will    .....                   (boots unavailable)
Stlth   ++........              (no amulet)
HPRegen 0.05/turn               (no ring)
MPRegen 0.00/turn               (no ring)

@: flying, very slightly contaminated
A: sickness immunity, fire resistance 2, cold vulnerability 1, float, innate
caster, HP casting, extra vitality 1
a: no special abilities


You were on level 2 of the Dungeon.
You visited 1 branch of the dungeon, and saw 2 of its levels.

Inventory:

Missiles
 c - 19 bolts
Armour
 a - a +0 robe (worn)
Scrolls
 b - a scroll of acquirement {unknown}
Potions
 d - a potion of curing {unknown}


   Skills:
 + Level 2.1 Dodging
 + Level 1.5 Stealth
 + Level 3.4 Spellcasting


You couldn't memorise any spells.
You knew the following spells:

 Your Spells              Type           Power      Damage    Failure   Level
a - Freeze                Ice            52%        1d7       4%          1
b - Frozen Ramparts       Ice            26%        1d4       13%         3
c - Ozocubu's Armour      Ice            13%        N/A       13%         3
d - Hailstorm             Conj/Ice       13%        3d5       38%         4
Your spell library was empty.

Dungeon Overview and Level Annotations

Branches:
Dungeon (1/15)

Altars:


Innate Abilities, Weirdness & Mutations

You are immune to sickness and miasma.
You are immune to poison.
Your flesh is very heat resistant. (rF++)
You are vulnerable to cold. (rC-)
You float through the air rather than walking.
You learn spells naturally, not from books.
Your magical power is your life essence.
You have superior vitality. (+4 MHP)


Message History

You freeze the frilled lizard.
You kill the frilled lizard!
b - a scroll labelled UNUSME SAKHLESYM
Found a faded altar of an unknown god.
The golden eye turns its gaze towards you.
There is a shaft here.
You are sucked into a shaft and drop 1 floor!
The shaft crumbles and collapses.
Found 19 bolts.
Aiming: Freeze (safe; 4% risk of failure)
Press: ? - help, Q - select action Shift-Dir - straight line, f - frilled lizard
Aim: a frilled lizard (asleep)
You freeze the frilled lizard.
You kill the frilled lizard!
You see here 19 bolts.
c - 19 bolts HP restored.
d - a black potion A worm comes into view.
Aiming: Freeze (safe; 4% risk of failure)
Press: ? - help, Q - select action Shift-Dir - straight line, f - worm
Aim: a worm You freeze the worm.
The worm is lightly wounded.
The worm bites you!
Aiming: Freeze (safe; 4% risk of failure)
Press: ? - help, Q - select action Shift-Dir - straight line, f/p - worm
Aim: a worm You freeze the worm.
The worm is moderately wounded.
The worm closely misses you.
Aiming: Freeze (safe; 4% risk of failure)
Press: ? - help, Q - select action Shift-Dir - straight line, f/p - worm
Aim: a worm (moderately wounded)
You miscast Freeze.
You are very lightly contaminated with residual magic.
Nothing appears to happen.
The worm bites you!
Ouch! That really hurt!
You die...

#..##.##.#
#.##..##.#
#.##.###.#
#.##.# #.#
#.##.###.#
#........#
####.#####
..##########.#
........w@...#
....##########
.


You could see a worm.

Vanquished Creatures
  A goblin (D:1)
  A quokka (D:1)
  3 frilled lizards
5 creatures vanquished.

Notes
Turn   | Place    | Note
-------+----------+-------------------------------------------
     0 | D:1      | 101zpm the Djinni Ice Elementalist began the quest for the
                  | Orb.
     0 | D:1      | Reached XP level 1. HP: 15/15 MP: 0/0
   231 | D:1      | Noticed an eye of devastation
   233 | D:1      | Found a faded altar of an unknown god.
   235 | D:1      | Noticed a golden eye
   241 | D:1      | Noticed an eye of devastation
   242 | D:1      | You are sucked into a shaft and drop 1 floor!
   295 | D:2      | Slain by a worm

Illustrated notes

Levels and vault maps discovered:
D:1:      dpeg_arrival_shrine, layout_loops_corners,
          hellmonk_ecumenical_altar_watching_god
D:2:      layout_loops_corners, minmay_hexomino_f4, uniq_terence

Action                   || total
-------------------------++-------
 Cast: Freeze            ||    10
Dodge: Dodged            ||     2
